 Dungeon Crawl Stone Soup version 0.28-a0-407-g69098e2f6d (webtiles) character file.

Game seed: 1911476984205241199

1197 jasper the Grappler (level 8, 0/61 HPs)
             Began as a Demonspawn Warper on Sept 5, 2021.
             Killed by nerve-wracking pain
             ... invoked by an orc priest
              (11 damage)
             ... on level 5 of the Dungeon.
             The game lasted 00:06:40 (5375 turns).

jasper the Grappler (Demonspawn Warper)             Turns: 5375, Time: 00:06:41

Health: 0/61       AC:  3    Str: 13    XL:     8   Next: 20%
Magic:  0/11       EV: 12    Int: 16    God:
Gold:   143        SH:  0    Dex: 12    Spells: 9/11 levels left

rFire   . . .      SeeInvis .     - Unarmed
rCold   . . .      Faith    .   (no shield)
rNeg    . . .      Spirit   +   a - +0 leather armour
rPois   .          Reflect  .   (no helmet)
rElec   .          Harm     .   (no cloak)
rCorr   .          Rampage  .   (no gloves)
Will    .....      Rnd*Rage +   (no boots)
Stlth   +.........              (no amulet)
HPRegen 0.20/turn               (no ring)
MPRegen 0.24/turn               (no ring)

@: mighty
A: spiny 2, magic shield, magic regeneration, sturdy frame 1, berserk 2, robust
1
a: no special abilities


You were on level 5 of the Dungeon.
You visited 2 branches of the dungeon, and saw 6 of its levels.

You collected 143 gold pieces.

Inventory:

Hand Weapons
 g - a +2 dagger of electrocution
Missiles
 c - 5 boomerangs of dispersal
 d - 46 stones (quivered)
 e - 82 arrows
Armour
 a - a +0 leather armour (worn)
Magical Staves
 l - a staff of earth
Jewellery
 o - a ring of magical power
Scrolls
 b - a scroll of blinking
 i - a scroll of amnesia
 k - 2 scrolls of fog
 q - a scroll of noise {unknown}
 r - a scroll of teleportation {unknown}
 s - a scroll of identify {unknown}
 t - a scroll of magic mapping {unknown}
Potions
 f - a potion of might
 j - a potion of curing
 m - a potion of heal wounds {unknown}
 n - a potion of attraction {unknown}
 p - a potion of haste {unknown}
 u - a potion of degeneration {unknown}


   Skills:
 + Level 2.1 Fighting
 - Level 0.8 Throwing
 - Level 0.8 Armour
 + Level 1.9 Dodging
 * Level 9.1 Unarmed Combat
 + Level 2.1 Spellcasting
 - Level 2.6 Translocations


You had 9 spell levels left.
You knew the following spells:

 Your Spells              Type           Power      Damage    Failure   Level
a - Blink                 Tloc           N/A        N/A       11%         2

Your spell library contained the following spells:

 Spells                   Type           Power      Damage    Failure   Level
 Freeze                   Ice            4%         1d3       22%         1
 Magic Dart               Conj           4%         1d3       22%         1
 Sting                    Tmut/Pois      4%         1d3       22%         1
 Gell's Gravitas          Tloc           5%         N/A       22%         3
 Lesser Beckoning         Tloc           10%        N/A       22%         3
 Teleport Other           Tloc           10%        N/A       22%         3
 Poisonous Vapours        Pois/Air       2%         N/A       32%         2
 Searing Ray              Conj           2%         3d3       32%         2
 Frozen Ramparts          Ice            2%         1d2       54%         3
 Manifold Assault         Tloc           10%        N/A       89%         5
 Fulminant Prism          Conj/Hex       0%         3d6       91%         4
 Hailstorm                Conj/Ice       1%         3d3       91%         4
 Olgreb's Toxic Radiance  Pois           1%         N/A       91%         4


Dungeon Overview and Level Annotations

Branches:
Dungeon (5/15)             Temple (1/1) D:4

Altars:
Ashenzari
Dithmenos
Elyvilon
Makhleb
Okawaru
Qazlal
Trog
Vehumet
Wu Jian
Zin

Shops:
D:1 :


Innate Abilities, Weirdness & Mutations

You are mostly covered in sharp spines.
When hurt, damage is shared between your health and your magic reserves.
You regenerate magic rapidly.
Your movements are slightly less encumbered by armour. (ER -2)
You often lose your temper in combat.
You are robust. (+10% HP)


Message History

The orc wizard casts a spell at you. The magic dart hits you.
Items here: )) [[ †.
You take 4 damage, and have 34/61 hp.
You hit the orc wizard but do no damage.
The orc wizard hits you with a +0 dagger.
You now have 6/11 mp.
You punch the orc wizard!
The orc wizard is heavily wounded.
The orc wizard is struck by your spines.
The orc wizard hits you but does no damage.
You closely miss the orc wizard. Your punch misses the orc wizard.
The orc wizard is severely wounded.
The orc priest mumbles some strange prayers to Beogh against you.
Beogh smites you!
The orc wizard gestures at you while chanting.
The puff of flame hits you!
You take 15 damage, and have 19/61 hp.
MASSIVE DAMAGE!!
You now have 4/11 mp.
You punch the orc wizard!
You kill the orc wizard!
You feel better.
The orc priest mumbles some strange prayers to Beogh against you.
Pain shoots through your body!
* * * LOW HITPOINT WARNING * * *
You take 4 damage, and have 16/61 hp.
You now have 3/11 mp.
You barely miss the orc priest. You punch the orc priest.
The orc priest is lightly wounded.
The orc priest hits you with a +0 mace.
* * * LOW HITPOINT WARNING * * *
You take 5 damage, and have 11/61 hp.
You now have 2/11 mp.
It was a potion of might.
You feel very mighty all of a sudden. The orc priest barely misses you.
You barely miss the orc priest.
The orc priest is lightly wounded.
You punch the orc priest!
The orc priest is severely wounded.
The orc priest mumbles some strange prayers to Beogh against you.
Pain shoots through your body!
You die...

#.#######.# ########.###
#.# #....).....#####.#
#.#####.......##.# #.#
#.......##.# #.#
#.......##.# #.#
#.......##)# ..#
#........##.# ..#
..........##@#
..#......#+#####o# ##
..#......# #.# ...
..####.... #.# ....
.############ #.# .....
............####.####......
...)...............o'o.o..(
(................####..o##.
###########.####.# ..#


You could see an orc priest.

Vanquished Creatures
  A two-headed ogre (D:5)
  An ogre (D:5)
  2 scorpions
  A water moccasin zombie (D:5)
  A centaur zombie (D:5)
  3 iguanas (D:5)
  3 orc wizards (D:5)
  4 adders
  3 gnolls (D:4)
  An adder skeleton (D:4)
  A worm (D:2)
  5 dart slugs
  4 orcs (D:5)
  5 endoplasms
  8 goblins
  2 hobgoblins
  4 kobolds
  3 quokkas
  2 ball pythons
  4 bats
  A frilled lizard (D:2)
  5 rats
  A spectral hobgoblin (D:1)
65 creatures vanquished.

Notes
Turn   | Place    | Note
-------+----------+-------------------------------------------
     0 | D:1      | jasper the Demonspawn Warper began the quest for the Orb.
     0 | D:1      | Reached XP level 1. HP: 16/16 MP: 3/3
    93 | D:1      | Found Joefos's Book Boutique.
   131 | D:1      | Reached skill level 2 in Unarmed Combat
   392 | D:1      | Found a faded altar of an unknown god.
   460 | D:1      | Gained mutation: You are partially covered in sharp spines.
                  | [demonic ancestry]
   460 | D:1      | Reached XP level 2. HP: 22/22 MP: 5/5
  1319 | D:2      | Reached skill level 3 in Unarmed Combat
  1319 | D:2      | Gained mutation: You regenerate magic rapidly. [demonic
                  | ancestry]
  1319 | D:2      | Reached XP level 3. HP: 27/27 MP: 6/6
  1322 | D:2      | Learned a level 2 spell: Blink
  2893 | D:4      | Gained mutation: You are mostly covered in sharp spines.
                  | [demonic ancestry]
  2893 | D:4      | Reached XP level 4. HP: 33/33 MP: 7/7
  2972 | D:4      | Reached skill level 4 in Unarmed Combat
  3457 | D:4      | Noticed a scorpion
  3464 | D:4      | Killed a scorpion
  3465 | D:4      | Reached skill level 5 in Unarmed Combat
  3465 | D:4      | Reached XP level 5. HP: 16/38 MP: 8/8
  3770 | D:4      | Found a staircase to the Ecumenical Temple.
  3779 | Temple   | Entered the Ecumenical Temple
  4358 | D:5      | Entered Level 5 of the Dungeon
  4472 | D:5      | Gained mutation: When hurt, damage is shared between your
                  | health and your magic reserves. [demonic ancestry]
  4472 | D:5      | Reached XP level 6. HP: 15/44 MP: 9/9
  4782 | D:5      | Reached skill level 6 in Unarmed Combat
  5151 | D:5      | Noticed a two-headed ogre
  5155 | D:5      | Gained mutation: You tend to lose your temper in combat.
                  | [potion of mutation]
  5155 | D:5      | Gained mutation: You often lose your temper in combat.
                  | [potion of mutation]
  5155 | D:5      | Gained mutation: You are robust. (+10% HP) [potion of
                  | mutation]
  5163 | D:5      | Killed a two-headed ogre
  5164 | D:5      | Reached skill level 9 in Unarmed Combat
  5164 | D:5      | Reached XP level 7. HP: 51/55 MP: 7/10
  5164 | D:5      | Gained mutation: Your movements are slightly less
                  | encumbered by armour. (ER -2) [demonic ancestry]
  5164 | D:5      | Reached XP level 8. HP: 57/61 MP: 7/11
  5375 | D:5      | Killed from afar by an orc priest

Illustrated notes

Levels and vault maps discovered:
D:1:      dpeg_arrival_concentric_ovals, layout_loops_ring, serial_shops,
          nicolae_shop_stone, dreamdust_ecumenical_altar_drowned_temple
D:2:      layout_loops_corners, minmay_misc_feat_x, minmay_misc_feat_ornament,
          minmay_tall_x
D:3:      minmay_roachtagon, layout_basic, minmay_crystal_water
D:4:      layout_gridville, minmay_temple_entry_water_ring
D:5:      layout_basic
Temple:   dpeg_chambers_temple

Skill      XL: |  1  2  3  4  5  6 |
---------------+-------------------+-----
Unarmed Combat | 2 3 5 9 |  9.1
Fighting       | |  2.1
Throwing       | |  0.8
Armour         | |  0.8
Dodging        | |  1.9
Spellcasting   | |  2.1
Translocations | |  2.6

Action                   |  1- 3 |  4- 6 |  7- 9 || total
-------------------------+-------+-------+-------++-------
Melee: Dagger            |    60 |    61 |     4 ||   125
       Unarmed           |     3 |       |     9 ||    12
       Punch             |     1 |       |     1 ||     2
Throw: Stone             |    84 |    50 |     3 ||   137
  Use: Scroll            |     3 |       |       ||     3
       Potion            |       |     3 |     3 ||     6
Armor: Leather armour    |     6 |     4 |     2 ||    12
       Skin              |       |     6 |       ||     6
Dodge: Dodged            |    25 |    26 |     1 ||    52

Table legend: (Time is in decaauts)
 A = Elapsed time spent in this place.
 B = Non-inter-level travel time spent in this place.
 C = Inter-level travel time spent in this place.
 D = Time resting spent in this place.
 E = Time spent auto-exploring this place.
 F = Levels seen in this place.
 G = Mean time per level.
                   A        B        C        D        E       F      G
               +--------+--------+--------+--------+--------+-----+--------+
         Total |   5389 |   5240 |    149 |    381 |   4278 |   6 |  898.2 |
       Dungeon |   5152 |   5026 |    126 |    381 |   4074 |   5 | 1030.4 |
        Temple |    236 |    213 |     23 |      0 |    204 |   1 |  236.0 |
               +--------+--------+--------+--------+--------+-----+--------+

Top non-repeatable levels by time:
     D:2: 1613 daAuts
     D:4: 1236 daAuts
     D:5: 1016 daAuts
     D:1: 853 daAuts
     D:3: 432 daAuts
  Temple: 236 daAuts
